Meike, neutral female human Tourist ------ --- |.... . |...----- ---- -.| ------ |...|?++| ------ |..| +.| |....| |...|?++| |.... | |.. |.| |....| |...|...-+-|.._ |.-|-- ----.| |..<..########....-+---..|.... |..@a-+---....| |....| |...................aa.......... ------ |........{.-|-----.{............ |......................d...@@..| |...-|---...........-+--+---...| |...|...|-------.---| |...|...| |...|(((| |%%.-.-..| |%!?|...| |...|(.(| |%..|.|..|--|[(%|...| |...-----+------.----..-----...| |..............................| -------------------------------- Meike the Excursionist Experience level: 6 Strength: 12 Dexterity: 13 Constitution: 18 Intelligence: 13 Wisdom: 8 Charisma: 13 Health: 0(69) Energy: 23(23) Def: 9 Gold: 559 Moves: 4781 Dungeon seed: lZTibVJnLVCmnMpz Game ID: Meike_1540303151 Your Inventory: Coins $ - 559 gold pieces Weapons a - 25 +2 darts (in quiver) o - a poisoned +0 dart R - 9 +0 darts X - the corroded +0 Grimtooth (weapon in hand) Armor d - an uncursed +0 elven mithril-coat (being worn) e - an uncursed +0 Hawaiian shirt (being worn) j - an uncursed +0 pair of iron shoes v - an uncursed +0 dwarvish cloak z - an uncursed +0 dwarvish mithril-coat B - an uncursed +1 orcish helm (being worn) C - an uncursed +0 dwarvish cloak D - an uncursed +0 pair of iron shoes (being worn) I - an uncursed +0 dwarvish roundshield Q - an uncursed +0 dwarvish cloak T - an uncursed +0 dwarvish iron helm Y - an uncursed +0 dwarvish cloak (being worn) Comestibles c - an uncursed egg f - an uncursed food ration g - 2 uncursed tins of newt meat h - an uncursed banana i - an uncursed apple p - 3 uncursed lembas wafers Scrolls k - 2 uncursed scrolls of magic mapping n - an uncursed scroll of remove curse s - an uncursed scroll of teleportation P - 2 uncursed scrolls of blank paper Spellbooks y - an uncursed spellbook of turn undead Potions b - an uncursed potion of invisibility r - an uncursed potion of acid x - an uncursed potion of gain ability K - an uncursed potion of see invisible L - 3 uncursed potions of water S - an uncursed potion of sleeping W - an uncursed potion of blindness Rings G - a cursed -2 ring of increase accuracy Wands E - a wand of digging (0:7) F - a wand of magic missile (0:8) Tools l - an expensive camera (0:49) m - an uncursed credit card t - an uncursed leash u - an uncursed partly used wax candle (0:155) J - an uncursed blindfold M - 13 uncursed tallow candles (0:200) O - an uncursed towel U - an uncursed skeleton key Gems q - 2 uncursed worthless pieces of white glass w - an uncursed worthless piece of black glass A - an uncursed worthless piece of green glass H - an uncursed turquoise stone N - an uncursed worthless piece of yellow glass V - an uncursed worthless piece of blue glass Z - 2 uncursed worthless pieces of yellowish brown glass Spells and supernatural/magical abilities: Name Level Category Fail Memory W - pray for help -- divine ? -- Your skills at the end: Fighting Skills Weapon Skills dagger [Basic] dart [Basic] Spellcasting Skills Final Attributes: You were piously aligned. You were lucky. You are dead. Vanquished creatures: a small mimic a yellow light 5 gnome lords 2 gnomish wizards a paper golem a little dog 5 dwarves 5 hill orcs 2 giant bats 2 dwarf zombies 2 iguanas an acid blob 2 coyotes 5 hobbits a large kobold 2 giant rats 2 cave spiders a brown mold a green mold 18 gnomes 3 gnome zombies 9 jackals 4 foxes 2 kobolds 3 goblins 2 bats 2 lichens 2 kobold zombies 7 newts 94 creatures vanquished. Voluntary challenges: You used a wielded weapon 103 times, starting on turn 481. You read items or engraved 2 times, starting on turn 662. You never genocided any monsters. You never polymorphed an object. You never changed form. You used no wishes. You never split a pudding. You never wrote Elbereth's name. You never violated your personal moral code. Dungeon overview: The Dungeons of Doom: levels 1 to 4 Level 1 an altar to Offler a long staircase Level 2 Level 3 a potion shop, an altar to Blind Io stairs to The Gnomish Mines Level 4 The Gnomish Mines: levels 4 to 6 Level 4 stairs to The Dungeons of Doom Level 5 Level 6 <- You were here many shops, a temple to Offler, some fountains History has recorded: On T:1 you entered the Dungeons of Doom to retrieve the Amulet of Yendor! On T:380 you reached level 2 of The Dungeons of Doom. On T:880 you reached level 3 of The Dungeons of Doom. On T:1618 you advanced to experience level 2. On T:2461 you advanced to experience level 3. On T:2602 you reached level 4 of The Dungeons of Doom. On T:2802 you advanced to experience level 4. On T:3100 you reached level 1 of The Gnomish Mines. On T:3199 you advanced to experience level 5. On T:3870 you reached level 2 of The Gnomish Mines. On T:3976 you advanced to experience level 6. On T:4548 you reached level 3 of The Gnomish Mines. Score breakdown: Gold: 365 ( 8720 points) Experience: 6 levels (12456 points) Exploration: 6 levels ( 12.24%) ( 9682 points) Discoveries: 19 items ( 6.38%) ( 7575 points) Valuables value: (no points given unless you survive) Artifact value: 300 ( 8431 points) Variety of kills: 29 monsters ( 7.61%) ( 8276 points) Turncount: 4781 turns (-1288 points) Survival: died (score multiplied by 80%) Total score: 43081 Latest messages: Aklavik seems more experienced. The door closes. The dog misses the soldier ant. (2x) The soldier ant bites! The soldier ant stings! The soldier ant is blinded by the flash! The soldier ant misses. The soldier ant stings! The soldier ant bites! The soldier ant stings! The soldier ant bumps right into you! The soldier ant bites! The soldier ant misses. The soldier ant bites! The soldier ant misses. The soldier ant bites! The soldier ant stings! The soldier ant bites! You die... Final status: Aloha Meike the Tourist, killed by a soldier ant... You died in The Gnomish Mines on dungeon level 6 with 43081 points, and 559 pieces of gold, after 4781 moves. You were level 6 with a maximum of 69 hit points when you died.